General information
- name: BNet
- type: Ladder 1vs1/FFA
- host: Battle.net
- saver: iccaf.0
map: TerenasStand
- players: 2
- length: 103:32
- speed: Fast
- version: 1.24 W3XP
- replay type: Public
» download(239 KB)
Players
team 1 (loser)

»
ElMazaku (
teal | 19 APM | 1953 actions | 101:28)
4 Warden
2 Shadow Strike
2 Blink
3 Pandaren Brewmaster
1 Drunken Haze
2 Breath of Fire
1 Goblin Tinker
1 Pocket Factory
» actions
| Assign group hotkey | 35 | |
| Basic commands | 22 | |
| Build / train | 81 | |
| ESC pressed | 1 | |
| Enter build submenu | 27 | |
| Enter hero's abilities submenu | 8 | |
| Give item / drop item | 4 | |
| Remove unit from queue | 3 | |
| Right click | 863 | |
| Select / deselect | 455 | |
| Select group hotkey | 304 | |
| Use ability | 149 | |
1953 total
» units
| Wisp | 24 | |
| Archer | 2 | |
| Huntress | 5 | |
| Druid of the Claw | 3 | |
| Dryad | 5 | |
| Hippogryph | 14 | |
53 total
» upgrades
| Druid of the Claw Training | 2 | |
| Reinforced Hides | 1 | |
| Mark of the Claw | 1 | |
4 total
» buildings
| Altar of Elders | 1 | |
| Moon Well | 7 | |
| Ancient of War | 2 | |
| Tree of Ages | 1 | |
| Hunter's Hall | 1 | |
| Ancient of Wonders | 3 | |
| Ancient of Lore | 2 | |
| Tree of Eternity | 1 | |
| Tree of Life | 3 | |
| Ancient of Wind | 1 | |
| Ancient Protector | 2 | |
24 total
» build order
00:07 Altar of Elders
00:20 Moon Well
00:24 Ancient of War
01:41 Moon Well
02:42 Moon Well
03:07 Tree of Ages
03:33 Hunter's Hall
04:05 Ancient of Wonders
04:14 Ancient of War
04:38 Ancient of Wonders
06:27 Ancient of Lore
06:33 Moon Well
07:29 Ancient of Lore
09:15 Tree of Eternity
09:55 Moon Well
10:24 Ancient of Wonders
10:34 Moon Well
11:17 Tree of Life
13:05 Tree of Life
14:39 Ancient of Wind
16:43 Tree of Life
18:22 Moon Well
19:50 Ancient Protector
19:55 Ancient Protector
» items
| Scroll of Protection | 2 | |
| Scroll of Healing | 3 | |
| Potion of Lesser Invulnerability | 2 | |
| Orb of Venom | 1 | |
8 total
team 2 (winner)
iccaf.0 (
blue | 41 APM | 4260 actions | 103:32)
6 Goblin Alchemist
3 Acid Bomb
2 Chemical Rage
1 Transmute
4 Archmage
2 Summon Water Elemental
2 Brilliance Aura
1 Blood Mage
1 Flame Strike
» actions
| Assign group hotkey | 89 | |
| Basic commands | 467 | |
| Build / train | 238 | |
| ESC pressed | 1 | |
| Enter build submenu | 102 | |
| Enter hero's abilities submenu | 11 | |
| Give item / drop item | 12 | |
| Remove unit from queue | 3 | |
| Right click | 1594 | |
| Select / deselect | 968 | |
| Select group hotkey | 341 | |
| Use ability | 434 | |
4260 total
» units
| Peasant | 14 | |
| Footman | 5 | |
| Goblin Shredder | 4 | |
| Goblin Zeppelin | 21 | |
| Rifleman | 2 | |
| Flying Machine | 6 | |
| Gryphon Rider | 1 | |
| Dragonhawk Rider | 3 | |
| Sorceress | 1 | |
| Mortar Team | 16 | |
| Goblin Sapper | 3 | |
76 total
» upgrades
| Defend | 1 | |
| Masonry | 3 | |
| Gunpowder | 3 | |
| Swords | 3 | |
| Armor | 3 | |
| Magic Sentry | 1 | |
| Storm Hammers | 1 | |
| Animal War Training | 1 | |
| Flak Cannons | 1 | |
| Flying Machine Bombs | 1 | |
| Sorceress Training | 2 | |
| Cloud | 1 | |
| Plating | 2 | |
| Fragmentation Shards | 1 | |
| Flare | 1 | |
25 total
» buildings
| Barracks | 1 | |
| Farm | 52 | |
| Altar of Kings | 1 | |
| Scout Tower | 148 | |
| Arcane Tower | 23 | |
| Town Hall | 5 | |
| Arcane Vault | 1 | |
| Lumber Mill | 1 | |
| Keep | 1 | |
| Guard Tower | 65 | |
| Blacksmith | 1 | |
| Castle | 1 | |
| Workshop | 5 | |
| Arcane Sanctum | 1 | |
| Gryphon Aviary | 3 | |
309 total
» build order
00:08 Barracks
00:16 Farm
00:28 Altar of Kings
01:06 Farm
01:42 Farm
02:06 Scout Tower
02:17 Farm
02:44 Arcane Tower
03:43 Farm
04:51 Town Hall
04:53 Scout Tower
04:54 Scout Tower
05:05 Arcane Vault
05:21 Lumber Mill
05:30 Arcane Tower
05:44 Arcane Tower
06:04 Scout Tower
06:05 Scout Tower
06:06 Scout Tower
06:19 Farm
06:20 Farm
06:26 Scout Tower
06:26 Scout Tower
06:29 Scout Tower
06:32 Scout Tower
06:34 Scout Tower
06:37 Scout Tower
06:37 Scout Tower
06:42 Scout Tower
06:44 Scout Tower
06:46 Keep
06:58 Guard Tower
07:01 Guard Tower
07:13 Guard Tower
07:31 Guard Tower
07:35 Scout Tower
07:36 Scout Tower
07:36 Scout Tower
07:37 Scout Tower
07:40 Scout Tower
07:40 Scout Tower
07:41 Scout Tower
07:42 Scout Tower
07:47 Scout Tower
07:48 Scout Tower
07:49 Scout Tower
08:08 Guard Tower
08:20 Guard Tower
08:25 Blacksmith
09:15 Guard Tower
09:16 Guard Tower
09:25 Guard Tower
09:26 Castle
09:31 Guard Tower
10:23 Workshop
10:26 Arcane Sanctum
11:29 Farm
11:30 Farm
11:31 Farm
11:33 Farm
12:15 Gryphon Aviary
12:16 Gryphon Aviary
13:13 Farm
13:14 Farm
13:25 Scout Tower
13:25 Scout Tower
14:24 Guard Tower
15:29 Gryphon Aviary
19:41 Farm
19:42 Farm
25:47 Scout Tower
26:46 Scout Tower
26:47 Scout Tower
26:48 Scout Tower
27:01 Scout Tower
27:01 Scout Tower
27:02 Scout Tower
27:03 Guard Tower
27:07 Guard Tower
27:11 Guard Tower
27:14 Scout Tower
27:31 Guard Tower
27:31 Guard Tower
27:46 Guard Tower
27:55 Town Hall
28:00 Scout Tower
28:00 Scout Tower
28:01 Scout Tower
29:37 Guard Tower
29:53 Scout Tower
29:53 Scout Tower
29:54 Scout Tower
29:56 Scout Tower
29:57 Scout Tower
29:57 Scout Tower
29:58 Scout Tower
29:59 Scout Tower
30:31 Guard Tower
30:34 Scout Tower
30:35 Scout Tower
30:36 Scout Tower
30:38 Scout Tower
30:38 Scout Tower
30:39 Scout Tower
30:40 Guard Tower
30:43 Guard Tower
30:59 Scout Tower
31:00 Scout Tower
31:01 Scout Tower
31:02 Scout Tower
31:03 Scout Tower
31:04 Scout Tower
31:09 Scout Tower
31:10 Scout Tower
31:12 Scout Tower
31:12 Scout Tower
31:13 Scout Tower
31:14 Scout Tower
31:16 Guard Tower
31:19 Scout Tower
31:20 Scout Tower
31:34 Scout Tower
31:35 Scout Tower
31:36 Guard Tower
31:42 Guard Tower
31:51 Guard Tower
31:53 Guard Tower
31:55 Guard Tower
32:05 Arcane Tower
32:08 Arcane Tower
32:14 Guard Tower
32:15 Guard Tower
32:31 Guard Tower
32:37 Scout Tower
32:37 Scout Tower
32:41 Scout Tower
32:42 Scout Tower
32:45 Scout Tower
32:46 Scout Tower
32:47 Guard Tower
33:14 Scout Tower
33:19 Scout Tower
33:20 Scout Tower
33:21 Scout Tower
33:22 Scout Tower
33:25 Scout Tower
33:29 Scout Tower
33:30 Scout Tower
33:31 Scout Tower
33:34 Arcane Tower
33:36 Arcane Tower
33:39 Guard Tower
33:45 Scout Tower
33:46 Scout Tower
33:48 Scout Tower
33:49 Scout Tower
33:50 Scout Tower
33:52 Town Hall
34:02 Scout Tower
34:03 Scout Tower
34:03 Scout Tower
34:04 Scout Tower
34:05 Scout Tower
34:13 Scout Tower
34:14 Scout Tower
34:15 Scout Tower
34:22 Guard Tower
34:28 Guard Tower
34:33 Scout Tower
34:34 Scout Tower
34:53 Scout Tower
34:54 Scout Tower
35:02 Guard Tower
35:21 Guard Tower
35:27 Scout Tower
35:28 Scout Tower
35:43 Guard Tower
35:45 Guard Tower
36:34 Guard Tower
36:51 Guard Tower
36:57 Scout Tower
36:58 Scout Tower
37:31 Guard Tower
37:34 Guard Tower
37:55 Guard Tower
40:52 Scout Tower
40:53 Scout Tower
40:53 Scout Tower
40:54 Scout Tower
41:22 Scout Tower
41:23 Scout Tower
41:32 Scout Tower
41:33 Scout Tower
41:34 Scout Tower
41:38 Guard Tower
42:12 Guard Tower
42:14 Guard Tower
42:32 Guard Tower
42:34 Guard Tower
44:07 Guard Tower
44:08 Guard Tower
46:05 Guard Tower
46:10 Guard Tower
46:19 Guard Tower
49:23 Guard Tower
50:33 Town Hall
51:06 Town Hall
51:10 Scout Tower
51:10 Scout Tower
51:11 Scout Tower
51:12 Scout Tower
51:13 Scout Tower
51:14 Scout Tower
51:15 Scout Tower
51:15 Scout Tower
51:45 Guard Tower
51:47 Guard Tower
51:54 Guard Tower
51:57 Scout Tower
52:06 Guard Tower
52:16 Guard Tower
52:36 Guard Tower
55:59 Guard Tower
56:01 Guard Tower
58:55 Farm
58:57 Farm
58:57 Farm
58:58 Farm
59:13 Farm
59:15 Farm
59:16 Farm
59:17 Farm
59:19 Farm
59:20 Farm
59:21 Farm
59:23 Farm
59:25 Farm
59:26 Farm
59:27 Farm
59:29 Farm
59:30 Farm
59:31 Farm
59:32 Farm
59:32 Farm
59:33 Farm
59:36 Farm
59:36 Farm
59:37 Farm
59:45 Farm
59:47 Farm
59:47 Farm
60:31 Farm
61:07 Farm
62:18 Farm
62:19 Farm
62:19 Farm
62:21 Farm
62:22 Farm
62:23 Farm
64:47 Farm
67:03 Scout Tower
67:06 Scout Tower
67:06 Scout Tower
67:07 Scout Tower
67:08 Scout Tower
67:09 Scout Tower
67:10 Scout Tower
68:14 Arcane Tower
68:16 Scout Tower
68:17 Scout Tower
68:17 Scout Tower
68:18 Scout Tower
68:33 Arcane Tower
68:35 Scout Tower
68:36 Scout Tower
68:37 Scout Tower
68:47 Guard Tower
69:00 Arcane Tower
69:02 Scout Tower
69:04 Scout Tower
69:06 Scout Tower
69:18 Arcane Tower
69:40 Arcane Tower
69:43 Arcane Tower
69:45 Arcane Tower
69:48 Scout Tower
69:53 Scout Tower
69:53 Scout Tower
69:54 Scout Tower
70:01 Scout Tower
70:03 Scout Tower
70:04 Scout Tower
70:07 Arcane Tower
70:19 Guard Tower
70:32 Arcane Tower
70:56 Scout Tower
70:57 Arcane Tower
71:25 Arcane Tower
71:29 Arcane Tower
71:30 Arcane Tower
71:31 Arcane Tower
72:26 Arcane Tower
72:28 Arcane Tower
85:43 Workshop
86:09 Workshop
87:21 Workshop
87:21 Workshop
88:29 Farm
» items
| Mechanical Critter | 1 | |
| Scroll of Regeneration | 6 | |
| Lesser Clarity Potion | 1 | |
| Boots of Speed | 2 | |
| Staff of Teleportation | 1 | |
| Staff of Sanctuary | 2 | |
| Orb of Fire | 1 | |
| Periapt of Vitality | 1 | |
| Potion of Lesser Invulnerability | 1 | |
| Scroll of Healing | 1 | |
| Potion of Healing | 2 | |
| Ivory Tower | 11 | |
30 total
Chat log
(22:01 / All) iccaf.0: lol
(22:03 / All) iccaf.0: going for broke?
(23:01 / All) iccaf.0: i didnt say you could run out
(23:07 / All) ElMazaku: you hack its ok
(23:09 / All) iccaf.0: sure i do
(23:10 / All) iccaf.0: lol
(23:12 / All) iccaf.0: :))
(23:31 / All) ElMazaku: u golhack and play like a pusdy
(23:34 / All) iccaf.0: LOL
(23:40 / All) iccaf.0: yeah i gold hack thats why i expand
(23:44 / All) iccaf.0: makes sense
(23:45 / All) ElMazaku: sue thing
(23:49 / All) iccaf.0: ur not mad about losing or any thing
(24:02 / All) ElMazaku: nha u play like pussy its opk
(24:09 / All) iccaf.0: why is that
(26:25 / All) ElMazaku: look at that hack status
(26:28 / All) iccaf.0: LOL
(26:32 / All) iccaf.0: dude get madder :)
(26:37 / All) ElMazaku: lol
(26:39 / All) ElMazaku: im not mad
(26:43 / All) iccaf.0: you sure sound like it
(26:48 / All) ElMazaku: I love losing to hacking puieces of shit
(26:52 / All) iccaf.0: yep mad
(26:58 / All) iccaf.0: hey if im hacking why am i scanning
(27:02 / All) ElMazaku: hack hack hack
(27:10 / All) iccaf.0: cry cry cry
(27:11 / All) ElMazaku: hack hack hack hack hack
(27:25 / All) iccaf.0: "tears on a keyboard in d minor"
(27:30 / All) ElMazaku: oh man
(27:33 / All) ElMazaku: hackkkkk
(27:34 / All) iccaf.0: hey look youre revealed
(27:37 / All) ElMazaku: more
(27:38 / All) iccaf.0: dont need to hack anymore
(27:44 / All) iccaf.0: wait ill alt tab while i turn it off
(27:47 / All) iccaf.0: dont attack plz
(28:35 / All) iccaf.0: thx for uprooting
(28:37 / All) iccaf.0: i can see more now
(28:41 / All) iccaf.0: because youre revealed
(28:55 / All) iccaf.0: also, yay heavy armor
(29:08 / All) iccaf.0: gj
(29:24 / All) iccaf.0: made it easy for me to kill your shit without bothering with seige
(33:56 / All) iccaf.0: so umm
(33:59 / All) iccaf.0: how are you
(34:08 / All) iccaf.0: still mad? :(
(34:15 / All) ElMazaku: making a sandwich actually
(34:18 / All) iccaf.0: fat?
(34:21 / All) ElMazaku: was never mad
(34:23 / All) ElMazaku: lol
(34:25 / All) iccaf.0: they always deny it
(34:26 / All) iccaf.0: im not sure why
(34:27 / All) ElMazaku: 167
(34:29 / All) ElMazaku: lbs
(34:42 / All) iccaf.0: and can benchpress 400 right?
(34:46 / All) ElMazaku: nha
(34:48 / All) iccaf.0: most people i upset online tell me that
(35:00 / All) ElMazaku: cool story
(35:03 / All) iccaf.0: thanks
(35:12 / All) iccaf.0: Most of them also spam worn out 4chan memes when they get defensive
(35:28 / All) ElMazaku: for sure
(38:28 / All) iccaf.0: youre still reviving your tinker?
(42:13 / All) ElMazaku: ur a bit of a try hard
(42:23 / All) iccaf.0: yeah well ur mom :)
(42:28 / All) iccaf.0: so why havent you left yet
(42:39 / All) iccaf.0: (presuming you arent angry)
(42:39 / All) ElMazaku: watching a movie
(42:49 / All) iccaf.0: thats a better one than i usually hear
(43:14 / All) iccaf.0: i mean it still doesnt work, you signed on to play wc3 and now youre denying yourself that just because you're upset
(43:20 / All) iccaf.0: but not a bad attempt :)
(43:32 / All) ElMazaku: I guess
(43:37 / All) iccaf.0: imma let you have that gold mine btw
(45:05 / All) iccaf.0: hmm
(45:19 / All) iccaf.0: youre in prison just enjoy it
(45:39 / All) iccaf.0: dont tell anyone you molested any kids
(48:22 / All) iccaf.0: Thought you had at least 1 wisp :(
(48:31 / All) iccaf.0: well no breakout for you
(48:50 / All) iccaf.0: just sit tight and you can sit the war out quietly
(49:24 / All) iccaf.0: havin fun
(49:37 / All) iccaf.0: oh hes dead
(49:48 / All) iccaf.0: she
(49:50 / All) iccaf.0: it?
(52:14 / All) iccaf.0: damn still 3 hours til i can go bass fishing
(52:30 / All) iccaf.0: well)[]
(53:06 / All) iccaf.0: actually i can go anytime but they dont really bite til about 6:30
(60:51 / All) iccaf.0: good to know youre still here <3
(61:00 / All) iccaf.0: thatll learn ya
(64:08 / All) iccaf.0: that aint gonna work
(64:10 / All) iccaf.0: oh no
(64:30 / All) iccaf.0: damn lvl 6 al^ch
(64:36 / All) iccaf.0: nothing to transmute
(66:20 / All) iccaf.0: yay
(66:23 / All) iccaf.0: your prison has a warden
(67:21 / All) iccaf.0: no breakouts!
(67:37 / All) iccaf.0: gazz stripbolt must be punished
(67:49 / All) iccaf.0: Insolence will not be tolerated!
(68:57 / All) iccaf.0: thats right get back in there :)
(69:29 / All) iccaf.0: bad warden.
(69:38 / All) iccaf.0: she should know how to be a better prisoner
(70:27 / All) ElMazaku: sooo
(70:28 / All) iccaf.0: Next time im cutting your food rations. :(
(70:38 / All) iccaf.0: well you could always ragequit
(70:49 / All) iccaf.0: but only angry players do that
(71:00 / All) iccaf.0: and youre not angry
(71:42 / All) ElMazaku: well unless u plan on giving me the win im gonna go
(71:43 / All) iccaf.0: damn sunrise still 2 hours away
(71:50 / All) iccaf.0: youre gonna leave?
(71:56 / All) ElMazaku: this is a bit boring
(72:00 / All) iccaf.0: that would be something an angry person would do
(72:02 / All) iccaf.0: and youre not mad
(72:07 / All) ElMazaku: im in a glorified chat room
(72:12 / All) iccaf.0: tell you what stay and ill give you a free win
(72:15 / All) iccaf.0: well a pity win
(73:52 / All) ElMazaku: you have alot of problem with hackers on here?
(74:06 / All) iccaf.0: i have a lot of problem with noobs losing and getting angry and crying hacker
(74:12 / All) iccaf.0: sorry, not problem
(74:15 / All) iccaf.0: amusement
(74:23 / All) ElMazaku: no im talking for real
(74:26 / All) iccaf.0: me too
(74:31 / All) ElMazaku: w.e
(74:40 / All) iccaf.0: "w.e" = copout
(74:47 / All) ElMazaku: I suppose
(75:07 / All) ElMazaku: although anything I say you will have a witty snide remark for em
(75:15 / All) iccaf.0: only because you make it easy
(75:22 / All) ElMazaku: I suppose
(75:30 / All) iccaf.0: say something that isnt completely stupid and there wont be an easy retort
(75:57 / All) ElMazaku: kk
(76:02 / All) iccaf.0: ragequittin?
(76:16 / All) ElMazaku: roling a blunt
(76:30 / All) iccaf.0: thats wc3 speak for "eating doritoes and crying to myself"
(76:40 / All) ElMazaku: I suppose
(76:56 / All) ElMazaku: do u only want me to stay so u can berate me?
(77:05 / All) iccaf.0: where do you usually go to be berated?
(77:57 / All) iccaf.0: naw im just fuckin with ya :)
(78:03 / All) iccaf.0: ill give you a free win just not yet
(78:21 / All) iccaf.0: stay here a bit
(78:24 / All) iccaf.0: and youll get a free win
(78:27 / All) ElMazaku: lol
(78:34 / All) ElMazaku: you crack me up
(78:41 / All) iccaf.0: no, you crack ME up :)
(90:54 / All) ElMazaku: changed ur mind?
(90:58 / All) iccaf.0: nah
(91:06 / All) iccaf.0: im using your base to recreate the battle of britain
(91:21 / All) iccaf.0: you will not be harmed by this re-enactment
(99:18 / All) iccaf.0: ok i better get my ass out on the boat before i miss the prime bass-catchin time
(99:33 / All) iccaf.0: stay here and you get your free win when you return :)
(99:37 / All) iccaf.0: *when i return
(100:36 / All) iccaf.0: Man, the english are getting the shit mortared out of them, hope they turn out ok.
(101:02 / All) ElMazaku: so I gott wait for 2+hours for u to return